 Dungeon Crawl Stone Soup version 0.32-a0-685-g93135e86f0 (webtiles) character file.

Game seed: 1052212385676220126

856 ytrimaz the Cleaver (level 8, 0/58 HPs)
             Began as a Coglin Fighter on Mar 12, 2024.
             Was a Follower of Ru.
             Succumbed to a scorpion's poison
             ... on level 7 of the Dungeon.
             The game lasted 00:04:29 (3822 turns).

ytrimaz the Cleaver (Coglin Fighter)                Turns: 3822, Time: 00:04:29

Health: 0/58       AC:  2    Str: 19    XL:     8   Next: 2%
Magic:  8/8        EV:  9    Int:  7    God:    Ru [*.....]
Gold:   131        SH:  4    Dex: 14    Spells: 7/7 levels left

rFire   . . .        a - +1 war axe {Paloma}
rCold   . . .        c - +0 buckler
rNeg    . . .        b - +1 scale mail
rPois   .            (no helmet)
rElec   .            (no cloak)
rCorr   .            (no gloves)
SInv    .            (no boots)
Will    .....        (amulet unavailable) Stlth
                     (ring unavailable)
HPRegen 0.29/turn    (ring unavailable)
MPRegen 0.11/turn    (no gizmo)

%: no passive effects
@: brilliant, lethally poisoned (0 -> -1), revved
A: reduced AC 1, off-hand wielding, slow wielding, warmup strikes, no jewellery
a: Invent Gizmo, Renounce Religion


You were on level 7 of the Dungeon.
You worshipped Ru.
Ru was aware of your devotion.
You visited 2 branches of the dungeon, and saw 6 of its levels.
You also visited: Sewer.

You collected 131 gold pieces.


Innate Abilities, Weirdness & Mutations

You take slightly more damage. (AC -5)
You can wield a second weapon in your off-hand.
It takes a long time for you to wield or remove held weapons.
Your first few attacks do less damage.
You cannot equip rings or amulets.


   Skills:
 - Level 3.0 Fighting
 + Level 9.0 Axes
 - Level 2.6 Armour
 - Level 2.1 Shields


You had 7 spell levels left.
You didn't know any spells.
Your spell library contained the following spells:

 Spells                   Type           Power      Damage    Failure   Level
 Magic Dart               Conj           0%         1d3       87%         1
 Sandblast                Erth           0%         2d4       87%         1
 Blink                    Tloc           0%         N/A       95%         2
 Call Imp                 Summ           0%         N/A       95%         2
 Stone Arrow              Conj/Erth      0%         3d7       99%         3
 Brom's Barrelling Bould  Conj/Erth      0%         2d3       100%        4

Inventory:

Hand Weapons
 a - a +1 war axe (weapon) {Paloma}
Armour
 b - a +1 scale mail (worn)
 c - a +0 buckler (worn)
Scrolls
 h - a scroll of enchant weapon
 i - 2 scrolls of poison
 j - 5 scrolls of identify
 m - a scroll of torment {unknown}
Potions
 d - a potion of might
 g - 2 potions of enlightenment

Dungeon Overview and Level Annotations

Branches:
Dungeon (7/15) Zot: 26253  Temple (1/1) D:6 Zot: 5957   Sewer (visited)

Altars:
Ashenzari
Cheibriados
Dithmenos
Elyvilon
Fedhas
Gozag
Hepliaklqana
Kikubaaqudgha
Makhleb
Nemelex Xobeh
Okawaru
Qazlal
Ru
Sif Muna
Trog
Uskayaw
Vehumet
Wu Jian
Xom
Yredelemnul
The Shining One

#.. ..
##.###
!.... ....
##..# #..#
#@.# #..#
#†.# #..#
#..# #.##
#.# ###
#.# ##.##
##.###...#


There were no monsters in sight!


Message History

There is a staircase to the Ecumenical Temple here.
You climb downwards.
Welcome back to the Ecumenical Temple!
There is a staircase back to the Dungeon here.
You climb upwards.
Welcome back to the Dungeon!
There is a staircase to the Ecumenical Temple here.
There is an open door here.
There is a stone staircase leading down here.
You climb downwards.
There is a stone staircase leading up here.
No target in view!
A scorpion comes into view.
A scorpion is nearby!
Unknown command.
A scorpion is nearby!
You block the scorpion's attack.
The scorpion stings you but does no damage.
You closely miss the scorpion. The scorpion barely misses you.
Unknown command.
You hit the scorpion. The scorpion closely misses you.
You hit the scorpion. The scorpion stings you! 😕 HP[-7]
You take 7 damage, and now have 45/52 hp.
You hit the scorpion.
The scorpion stings you but does no damage.
The scorpion stings you.
You are poisoned.
The scorpion poisons you! 😕 HP[-5]
You take 5 damage, and now have 40/52 hp.
You closely miss the scorpion.
You feel very sick. The scorpion stings you. 😮 HP[-7]
You take 7 damage, and now have 33/52 hp.
You hit the scorpion but do no damage.
You feel sick. The scorpion barely misses you. The scorpion stings you!
* * * LOW HITPOINT WARNING * * *
You are more poisoned.
The scorpion poisons you! 😨 HP[-8]
You take 8 damage, and now have 25/52 hp.
You closely miss the scorpion.
You feel very sick.
The scorpion barely misses you. 😨 HP[-5]
You take 5 damage, and now have 20/52 hp.
Unknown command.
You closely miss the scorpion.
You feel very sick. The scorpion stings you.
* * * LOW HITPOINT WARNING * * *
😱 HP[-10]
You take 10 damage, and now have 10/52 hp.
You hit the scorpion.
* * * LOW HITPOINT WARNING * * *
You feel very sick.
The scorpion closely misses you. x2 😱 HP[-2]
You take 2 damage, and now have 8/52 hp.
Unknown command.
It was a potion of brilliance.
You feel clever all of a sudden.
* * * LOW HITPOINT WARNING * * *
You feel sick.
You block the scorpion's attack. 😱 HP[-2]
You take 2 damage, and now have 6/52 hp.
Unknown command.
You hit the scorpion but do no damage.
* * * LOW HITPOINT WARNING * * *
You feel sick.
The scorpion closely misses you. 😱 HP[-2]
You take 2 damage, and now have 4/52 hp.
Unknown command.
You completely miss the scorpion.
* * * LOW HITPOINT WARNING * * *
You feel sick.
The scorpion stings you but does no damage.
The scorpion closely misses you. 😱 HP[-1]
You take 1 damage, and now have 3/52 hp.
You slash the scorpion!
You kill the scorpion!
* * * LOW HITPOINT WARNING * * *
You feel sick.
Your Axes skill increases to level 9!
You have reached level 8!
You feel stronger. 😱 HP[-1] MP[+1]
You now have 58 max hp (+6).
Your mp is fully restored (8).
* * * LOW HITPOINT WARNING * * *
You feel sick.
You see here a scorpion corpse. 😱 HP[-1]
You take 1 damage, and now have 1/58 hp.
Unknown command.
* * * LOW HITPOINT WARNING * * *
You feel sick.
Unknown command.
You die...
Ru respects your ultimate sacrifice.

Skill      XL: |  1  2  3  4  5  6  7 |
---------------+----------------------+-----
Axes           | 3 4 5 6 7 9 |  9.0
Fighting       | |  3.0
Armour         | |  2.6
Shields        | |  2.1

Action                     |  1- 3 |  4- 6 |  7- 9 || total
---------------------------+-------+-------+-------++-------
  Melee: War axe           |   125 |   140 |    80 ||   345
 Invoke: Sacrifice Health  |       |       |     1 ||     1
    Use: Scroll            |     4 |     3 |       ||     7
         Potion            |       |     3 |     4 ||     7
   Stab: Invisible         |       |       |     1 ||     1
 Armour: Scale mail        |   109 |   138 |    74 ||   321
  Dodge: Dodged            |    79 |    79 |    48 ||   206
  Block: Buckler           |    40 |    32 |    23 ||    95

Levels and vault maps discovered:
D:1:      kilobyte_arrival_exit_the_forest, layout_basic, minmay_tetromino_o2
D:2:      layout_basic, basic_altar, ebering_ecumenical_altar_mist, wad_orctagon
D:3:      minmay_chambers_of_threes, layout_loops_ring, gup_sewer_entry_pipe,
          minivault_24, serial_bayou_crossing
D:6:      layout_gridville, gammafunk_temple_overflow_forgotten, temple_statues
D:7:      layout_cave_pods, chequers_serial_rivers_small_a
Temple:   eino_narrow_crystal_temple

Notes
Turn   | Place    | Note
-------+----------+-------------------------------------------
     0 | D:1      | ytrimaz the Coglin Fighter began the quest for the Orb.
     0 | D:1      | Reached XP level 1. HP: 18/18 MP: 1/1
     0 | D:1      | magus.rc [v1.9.6]
   118 | D:1      | Reached XP level 2. HP: 24/24 MP: 2/2
   135 | D:1      | Reached skill level 3 in Axes
   250 | D:1      | Reached XP level 3. HP: 26/29 MP: 3/3
   786 | D:1      | Reached skill level 4 in Axes
   981 | D:2      | Reached XP level 4. HP: 34/35 MP: 4/4
  1067 | D:2      | Found a faded altar of an unknown god.
  1377 | D:2      | You pick up a book of Minor Magic and begin reading...
  1377 | D:2      | You add the spells Magic Dart, Blink and Call Imp to your
                  | library.
  1414 | D:2      | Found a snail-covered altar of Cheibriados.
  1809 | D:3      | Reached skill level 5 in Axes
  1821 | D:3      | Reached XP level 5. HP: 41/41 MP: 5/5
  1822 | D:3      | Found a glowing drain.
  1838 | Sewer    | Entered a sewer
  1894 | Sewer    | Noticed a kobold brigand
  1907 | Sewer    | Killed a kobold brigand
  1938 | Sewer    | Found a glowing silver altar of Zin.
  2145 | D:3      | Reached skill level 6 in Axes
  2145 | D:3      | Reached XP level 6. HP: 44/47 MP: 6/6
  2225 | D:3      | You fall into a shaft and drop 3 floors!
  2242 | D:6      | Found a staircase to the Ecumenical Temple.
  2255 | Temple   | Entered the Ecumenical Temple
  2279 | Temple   | Became a worshipper of Ru the Awakened
  2353 | D:6      | HP: 8/47 [ogre/+0 giant club (18)]
  2359 | D:6      | Reached skill level 7 in Axes
  2547 | D:6      | Reached XP level 7. HP: 31/52 MP: 7/7
  3018 | D:6      | Reached skill level 8 in Axes
  3158 | D:6      | Found a shimmering altar of Xom.
  3158 | D:6      | Found a snail-covered altar of Cheibriados.
  3178 | D:6      | Found a shimmering blue altar of Sif Muna.
  3385 | D:6      | HP: 13/52 [poisoned by a water moccasin]
  3390 | D:6      | HP: 8/52 [poisoned by a water moccasin]
  3570 | D:6      | You pick up a book of Geomancy and begin reading...
  3570 | D:6      | You add the spells Sandblast, Stone Arrow and Brom's
                  | Barrelling Boulder to your library.
  3708 | D:6      | Gained mutation: You take slightly more damage. (AC -5) [Ru
                  | sacrifice]
  3708 | D:6      | Reached * piety under Ru
  3814 | D:7      | HP: 10/52 [scorpion (6)]
  3817 | D:7      | HP: 4/52 [poisoned by a scorpion]
  3820 | D:7      | Reached skill level 9 in Axes
  3820 | D:7      | Reached XP level 8. HP: 2/58 MP: 8/8
  3820 | D:7      | HP: 1/58 [poisoned by a scorpion]
  3822 | D:7      | Succumbed to a scorpion's poison

Vanquished Creatures
  A water moccasin (D:6)
  An ogre (D:6)
  A bullfrog (D:6)
  A kobold brigand (Sewer)
  2 scorpions
  A howler monkey (D:6)
  A bombardier beetle (D:6)
  A sleepcap (D:6)
  An iguana (D:6)
  An orc wizard (D:6)
  9 gnolls
  4 adders
  A river rat (Sewer)
  A white imp (D:6)
  2 ufetubi (D:6)
  2 dart slugs
  11 orcs
  9 ball pythons
  5 endoplasms
  8 giant cockroaches
  9 hobgoblins
  11 jackals
  11 kobolds
  7 quokkas (D:1)
  4 bats
  5 frilled lizards
  8 rats
118 creatures vanquished.

Table legend:
 A = Non-vault XP
 B = Vault XP
 C = Vault XP percentage of total XP
 D = Non-vault monster count
 E = Vault monster count
 F = Vault count percentage of total count
                 A         B        C        D         E       F
            +---------+---------+-------+---------+---------+-------
      Total |    1081 |     142 |  11.6 |      97 |      21 |  17.8
            +---------+---------+-------+---------+---------+-------
        D:1 |      71 |       2 |   2.7 |      34 |       1 |   2.9
        D:2 |      64 |      12 |  15.8 |      24 |       4 |  14.3
        D:3 |      88 |      12 |  12.0 |      14 |       6 |  30.0
        D:6 |     770 |       0 |   0.0 |      24 |       0 |   0.0
        D:7 |      88 |       0 |   0.0 |       1 |       0 |   0.0
      Sewer |       0 |     116 | 100.0 |       0 |      10 | 100.0
            +---------+---------+-------+---------+---------+-------

Skill      XL: |  1  2  3  4  5  6  7 |
---------------+----------------------+-----
Axes           | 3 4 5 6 7 9 |  9.0
Fighting       | |  3.0
Armour         | |  2.6
Shields        | |  2.1

Action                     |  1- 3 |  4- 6 |  7- 9 || total
---------------------------+-------+-------+-------++-------
  Melee: War axe           |   125 |   140 |    80 ||   345
 Invoke: Sacrifice Health  |       |       |     1 ||     1
    Use: Scroll            |     4 |     3 |       ||     7
         Potion            |       |     3 |     4 ||     7
   Stab: Invisible         |       |       |     1 ||     1
 Armour: Scale mail        |   109 |   138 |    74 ||   321
  Dodge: Dodged            |    79 |    79 |    48 ||   206
  Block: Buckler           |    40 |    32 |    23 ||    95

Illustrated notes

Table legend:
 A = Kills in this place as a percentage of kills in the entire game.
 B = Kills by you in this place as a percentage of kills by you in the entire game.
 C = Kills by friends in this place as a percentage of kills by friends in the entire game.
 D = Other kills in this place as a percentage of other kills in the entire game.
 E = Experience gained in this place as a percentage of experience gained in the entire game.
 F = Experience gained in this place divided by the number of levels of this place that you have seen.
                   A       B       C       D       E      F
               +-------+-------+-------+-------+-------+----------------------
         Total | 100.0 | 100.0 |   N/A |   N/A | 100.0 | 174.7
       Dungeon |  91.5 |  91.5 |   N/A |   N/A |  90.5 | 221.4
         Sewer |   8.5 |   8.5 |   N/A |   N/A |   9.5 | 116.0
               +-------+-------+-------+-------+-------+----------------------

Table legend: (Time is in decaauts)
 A = Elapsed time spent in this place.
 B = Non-inter-level travel time spent in this place.
 C = Inter-level travel time spent in this place.
 D = Time resting spent in this place.
 E = Time spent auto-exploring this place.
 F = Levels seen in this place.
 G = Mean time per level.
                   A        B        C        D        E       F      G
               +--------+--------+--------+--------+--------+-----+--------+
         Total |   3955 |   3829 |    126 |      0 |   2993 |   7 |  565.0 |
       Dungeon |   3746 |   3634 |    112 |      0 |   2875 |   5 |  749.2 |
        Temple |     42 |     28 |     14 |      0 |      0 |   1 |   42.0 |
         Sewer |    166 |    166 |      0 |      0 |    117 |   1 |  166.0 |
               +--------+--------+--------+--------+--------+-----+--------+

Top non-repeatable levels by time:
     D:6: 1511 daAuts
     D:1: 1022 daAuts
     D:2: 736 daAuts
     D:3: 428 daAuts
   Sewer: 166 daAuts
     D:7: 47 daAuts
  Temple: 42 daAuts
